Map: Ujari

Players

Rugi - Winner!

  • Race: Zerg Zerg
  • League: Master
  • Spawn Location: 0:00

Loken - Winner!

  • Race: Protoss Protoss
  • League: Platinum
  • Spawn Location: 3:00

dallaskuken - Winner!

  • Race: Protoss Protoss
  • League: Platinum
  • Spawn Location: 3:00

Janika

  • Race: Terran Terran
  • League: Silver
  • Spawn Location: 9:00

DEWEY

  • Race: Protoss Protoss
  • Spawn Location: 9:00

Peluho

  • Race: Terran Terran
  • Spawn Location: 0:00

VOD

Have the link to the VOD?

Description

Time

  • Played on: March 30, 2017, 5:52 p.m.
  • Length: 2:13
Show
View Real Time Build Order
Export as new Build Order

Rugi Zerg - Winner!

Build Orders: Hatch First 

Get SALT Encoding   

  12  0:00  Drone  
  13  0:12  Overlord  
  13  0:18  Drone  
  14  0:31  Drone x2  
  14  0:34  Drone  
  17  0:54  Hatchery  
  16  0:57  Drone  
  16  1:00  Drone  
  16  1:02  Extractor  
  17  1:20  Spawning Pool, Drone  
  17  1:22  Drone  
  18  1:30  Drone  
  19  1:42  Overlord  
Show
View Real Time Build Order
Export as new Build Order

Loken Protoss - Winner!

Build Orders: Cannon Rush 

Get SALT Encoding   

  12  0:01  Probe (Chrono Boost)  
  13  0:12  Probe (Chrono Boost)  
  14  0:22  Pylon  
  14  0:29  Probe (Chrono Boost)  
  15  0:42  Forge  
  15  0:44  Probe (Chrono Boost)  
  16  0:56  Pylon  
  16  1:03  Probe (Chrono Boost)  
  17  1:13  Probe (Chrono Boost)  
  17  1:17  Photon Cannon  
  18  1:19  Photon Cannon  
  18  1:36  Photon Cannon  
  18  1:41  Pylon  
  18  2:02  Photon Cannon  
  18  2:03  Photon Cannon  
  18  2:05  Photon Cannon  
Show
View Real Time Build Order
Export as new Build Order

dallaskuken Protoss - Winner!

Build Orders:  

Get SALT Encoding   

  12  0:01  Probe (Chrono Boost)  
  13  0:17  Pylon  
  13  0:25  Probe (Chrono Boost)  
  14  0:36  Gateway  
  14  0:40  Probe (Chrono Boost)  
  15  0:57  Forge  
  15  1:30  Probe (Chrono Boost)  
  15  1:31  Zealot  
  17  1:39  Cybernetics Core  
  17  1:42  Assimilator  
  17  1:43  Probe (Chrono Boost)  
  17  1:47  Assimilator  
  18  1:54  Probe (Chrono Boost)  
Show
View Real Time Build Order
Export as new Build Order

Janika Terran 

Build Orders:  

Get SALT Encoding   

  12  0:01  SCV  
  13  0:13  SCV  
  14  0:22  Supply Depot  
  14  0:28  SCV  
  15  0:43  SCV  
  15  0:47  Barracks  
  16  0:56  SCV  
  17  1:08  SCV  
  18  1:20  SCV  
  19  1:40  Barracks  
  19  1:42  Marine  
  20  1:48  Refinery  
  20  1:49  SCV  
Show
View Real Time Build Order
Export as new Build Order

DEWEY Protoss 

Build Orders:  

Get SALT Encoding   

  12  0:02  Probe (Chrono Boost)  
  13  0:15  Probe (Chrono Boost)  
  14  0:25  Probe (Chrono Boost)  
  15  0:30  Pylon  
  15  0:33  Assimilator  
  15  0:48  Probe (Chrono Boost)  
  16  0:52  Gateway  
  16  0:58  Probe (Chrono Boost)  
  16  1:02  Assimilator  
  17  1:09  Probe (Chrono Boost)  
  17  1:10  Forge  
  18  1:24  Pylon  
  18  1:30  Probe (Chrono Boost)  
  19  1:37  Pylon  
  14  1:59  Photon Cannon  
Show
View Real Time Build Order
Export as new Build Order

Peluho Terran 

Build Orders:  

Get SALT Encoding   

  12  0:02  SCV  
  13  0:20  Supply Depot  
  13  0:21  SCV  
  14  0:33  SCV  
  15  0:48  Barracks  
  15  0:50  SCV, Refinery  
  16  1:02  SCV  
  17  1:14  SCV  
  18  1:29  SCV  
  19  1:36  Refinery  
  19  1:41  SCV  
  19  1:45  Engineering Bay  
  20  1:53  SCV  
Tags
 
Add a new tag
Caveats
  • Supply blocks, unpowered buildings, or Contaminate may cause inaccurate times.
  • Supply counts are checked every 10 seconds.